 Dungeon Crawl Stone Soup version 0.22-a0-614-g34fbaa0 (webtiles) character file.

44 zhorgal the Chopper (level 3, -1/29 HPs)
             Began as a Formicid Abyssal Knight on July 17, 2018.
             Was a Follower of Lugonu.
             Slain by a sky beast (6 damage)
             ... on level 2 of the Dungeon.
             The game lasted 00:03:15 (1053 turns).

zhorgal the Chopper (Formicid Abyssal Knight)       Turns: 1053, Time: 00:03:16

Health: -1/29      AC:  6    Str: 17    XL:     3   Next: 87%
Magic:  4/4        EV:  9    Int: 11    God:    Lugonu [*.....]
Gold:   65         SH:  0    Dex: 10    Spells: 2/2 levels left

rFire    . . .     SeeInvis +   a - +1 hand axe
rCold    . . .     Gourm    .   (no shield)
rNeg     . . .     Faith    .   e - +0 scale mail
rPois    .         Spirit   .   (helmet unavailable)
rElec    .         Reflect  .   (no cloak)
rCorr    .         Harm     .   (no gloves)
MR       .....                  (no boots)
Stlth    ..........             (no amulet)
HPRegen  0.09/turn              (no ring)
MPRegen  0.09/turn              (no ring)

@: no status effects
A: permanent stasis, dig shafts and tunnels, four strong arms, antennae 3
a: Dig, Shaft Self, Depart the Abyss, Renounce Religion


You were on level 2 of the Dungeon.
You worshipped Lugonu.
Lugonu was aware of your devotion.
You were hungry.

You visited 1 branch of the dungeon, and saw 2 of its levels.
You visited the Abyss 1 time.

You collected 65 gold pieces.

Inventory:

Hand Weapons
 a - a +1 hand axe (weapon)
 b - a +0 hunting sling
Missiles
 j - 20 bolts
Armour
 e - a +0 scale mail (worn)
 k - a +0 leather armour
Scrolls
 d - a scroll of blinking {unknown}
 f - a scroll of identify {unknown}
 g - a scroll of enchant weapon {unknown}
 i - a scroll of random uselessness {unknown}
Comestibles
 c - 3 rations
 h - 2 chunks of flesh


   Skills:
 - Level 3.2 Fighting
 + Level 3.9 Axes
 - Level 2.1 Armour
 - Level 0.8 Dodging
 - Level 2.1 Invocations


You had 2 spell levels left.
You didn't know any spells.
Your spell library was empty.

Dungeon Overview and Level Annotations

Branches:
Dungeon (2/15)

Altars:


Innate Abilities, Weirdness & Mutations

You cannot be hasted, slowed, berserked, paralysed or teleported.
You can dig through walls and to a lower floor.
Your four strong arms can wield two-handed weapons with a shield.
You have a pair of large antennae on your head. (SInv)


Message History

You closely miss the sky beast. The sky beast hits you.
The sky beast shocks you.
You take 7 damage, and have 12/29 hp.
MASSIVE DAMAGE!!
You closely miss the sky beast. The sky beast completely misses you.
You slash the sky beast! The sky beast hits you. The sky beast shocks you.
* * * LOW HITPOINT WARNING * * *
You take 6 damage, and have 6/29 hp.
MASSIVE DAMAGE!!
You closely miss the sky beast. The sky beast barely misses you.
The sky beast hits you but does no damage.
You hit the sky beast.
The sky beast hits you but does no damage.
You closely miss the sky beast. The sky beast barely misses you.
You hit the sky beast.
The sky beast hits you but does no damage.
You hit the sky beast. The sky beast misses you.
You hit the sky beast but do no damage. The sky beast closely misses you.
You hit the sky beast. The sky beast hits you.
* * * LOW HITPOINT WARNING * * *
The sky beast shocks you.
You die...

............
#######.)... ##...#..###
##### #..≈P.#.# #...#
##.P≈≈♣..##
#.#.###..#≈♣≈w[.## #
#<#)#.....(P.....#
#####.###.#.....((.....#
.......@Y.....(.........
.########+#..(........).
.....................
.....................
............(.(.(....
{...Y.................
#.######............#
#............#
############..


You could see a sky beast (invisible).

Vanquished Creatures
  An adder (D:2)
  2 worms (D:2)
  2 dart slugs (D:1)
  4 bats
  4 goblins
  4 hobgoblins
  3 jackals (D:2)
  3 frilled lizards
  A kobold (D:1)
  2 rats (D:1)
26 creatures vanquished.

Notes
Turn   | Place    | Note
-------+----------+-------------------------------------------
     0 | Abyss:1  | zhorgal the Formicid Abyssal Knight began the quest for the Orb.
     0 | Abyss:1  | Reached XP level 1. HP: 18/18 MP: 2/2
     9 | D:1      | Escaped the Abyss
   178 | D:1      | Reached XP level 2. HP: 24/24 MP: 3/3
   687 | D:2      | Reached XP level 3. HP: 27/29 MP: 4/4
  1031 | D:2      | Noticed a sky beast
  1053 | D:2      | Slain by a sky beast

Vault maps used:
D:1:      scummos_arrival_hexagon
D:2:      serial_bayou_pond_d, minmay_tetromino_s2

Skill      XL: |  1  2 |
---------------+-------+-----
Axes           | 3 |  3.9
Fighting       | |  3.2
Armour         | |  2.1
Dodging        | |  0.8
Invocations    | |  2.1

Action                   || total
-------------------------++-------
Melee: Hand axe          ||    91
 Fire: Hunting sling     ||    18
Armor: Scale mail        ||    39
       Leather armour    ||     1
Dodge: Dodged            ||    42

Table legend:
 A = Spawn XP
 B = Non-spawn XP
 C = Spawn XP percentage of total XP
 D = Spawn monster count
 E = Non-spawn monster count
 F = Spawn count percentage of total count
 G = Total turns spent on level
                    A         B        C        D         E        F      G
               +---------+---------+-------+---------+---------+-------+---------
         Total |       0 |      64 |   0.0 |       0 |      26 |   0.0 |  1053
               +---------+---------+-------+---------+---------+-------+---------
           D:1 |       0 |      27 |   0.0 |       0 |      14 |   0.0 |   662
           D:2 |       0 |      37 |   0.0 |       0 |      12 |   0.0 |   382
               +---------+---------+-------+---------+---------+-------+---------
